 Dungeon Crawl Stone Soup version 0.17.2 (webtiles) character file.

94 Goblin1989 the Cudgeler (level 4, -1/26 HPs)
             Began as a Gargoyle Gladiator on May 30, 2016.
             Was an Initiate of Makhleb.
             Shot with an arrow of frost by a centaur (2 damage)
             ... on level 5 of the Dungeon.
             The game lasted 00:07:29 (803 turns).

Goblin1989 the Cudgeler (Gargoyle Gladiator)         Turns: 803, Time: 00:07:30

Health: -1/26      AC: 10    Str: 20      XL:     4   Next: 63%
Magic:  4/4        EV: 16    Int:  4 (8)  God:    Makhleb [......]
Gold:   113        SH:  0    Dex: 15      Spells: 0 memorised, 3 levels left

rFire  . . .     SeeInvis .     a - +0 flail
rCold  . . .     Clarity  .     n - +0 scale mail
rNeg   + . .     SustAt   .     (no shield)
rPois  ∞         Gourm    .     c - +0 helmet
rElec  +         Spirit   .     (no cloak)
rCorr  .         Warding  .     (no gloves)
rMut   .         Stasis   .     (no boots)
MR     .....                    (no amulet)
Stlth  +.........               (no ring)
                                (no ring)

@: agile, not resistant to hostile enchantments, very unstealthy
A: negative energy resistance 1, electricity resistance, unbreathing,
petrification resistance, rot immunity, AC +3
a: Renounce Religion


You were on level 5 of the Dungeon.
You worshipped Makhleb.
Makhleb was noncommittal.
You were not hungry.

You visited 1 branch of the dungeon, and saw 5 of its levels.

You collected 113 gold pieces.

Inventory:

Hand Weapons
 a - a +0 flail (weapon)
Missiles
 d - 3 throwing nets {=f, !d}
 p - 41 stones (quivered)
Armour
 c - a +0 helmet (worn)
 n - a +0 scale mail (worn)
Scrolls
 f - 2 scrolls of fear
 g - a scroll of random uselessness {unknown}
 h - 4 scrolls of identify
 i - a scroll of amnesia {unknown}
 j - 2 scrolls of recharging {unknown}
 k - a scroll of blinking {unknown}
 o - 2 scrolls of remove curse {unknown}
 q - a scroll of enchant weapon {unknown}
Potions
 b - a potion of degeneration {!q}
Comestibles
 e - 3 bread rations
 l - a meat ration


   Skills:
 - Level 2.1 Fighting
 * Level 5.2 Maces & Flails
 - Level 1.7 Throwing
 - Level 2.4 Dodging


You had 3 spell levels left.
You didn't know any spells.

Dungeon Overview and Level Annotations

Branches:
Dungeon (5/15)
 Temple: D:4-7

Altars:
Cheibriados
Dithmenos
Fedhas
Gozag
Makhleb
Nemelex Xobeh
Sif Muna
The Shining One


Innate Abilities, Weirdness & Mutations

You are resistant to torment.
Your stone body is resilient (AC +3).
You are immune to poison.
You resist negative energy.
You are resistant to electric shocks.
You can survive without breathing.
You are immune to petrification.
You are immune to rotting.


Message History

You see here 2 arrows of frost.
Drink which item? (? for menu, Esc to quit)
It was a potion of degeneration.
There was something very wrong with that liquid.
You feel dopey.
Drink which item? (? for menu, Esc to quit)
It was a potion of agility.
You feel agile all of a sudden.
Read which item? (? for menu, Esc to quit)
As you read the scroll labeled UXUPONWUEGA, it crumbles to dust.
It is a scroll of identify.
Identify which item? (\ to view known items) (? for menu, Esc to quit)
f - 2 scrolls of fear
Aim: a centaur, wielding a shortbow You throw a stone.
The stone hits the centaur but does no damage.
The centaur shoots an arrow of frost.
The arrow of frost hits you!
* * * LOW HITPOINT WARNING * * *
The arrow of frost freezes you.
You die...

### #<# #.# #.#
######[############
.?..........c=....c.
####....#.#.########
#.##.#..@#
#.#......# .
#......# # #.######
#+


You could see a centaur.

Vanquished Creatures
  A worker ant (D:3)
  5 adders
  An ooze (D:1)
  An orc (D:5)
  A ball python (D:1)
  2 bats (D:3)
  2 giant cockroaches
  2 goblins
  A hobgoblin (D:2)
  A kobold (D:2)
  6 rats
23 creatures vanquished.

Notes
Turn   | Place    | Note
--------------------------------------------------------------
     0 | D:1      | Goblin1989 the Gargoyle Gladiator began the quest for the Orb.
     0 | D:1      | Reached XP level 1. HP: 12/12 MP: 1/1
    53 | D:2      | Reached XP level 2. HP: 17/17 MP: 2/2
   105 | D:2      | Reached skill level 4 in Maces & Flails
   552 | D:3      | Found a burning altar of Makhleb.
   554 | D:3      | Found a sparkling altar of Nemelex Xobeh.
   554 | D:3      | Found a blossoming altar of Fedhas.
   554 | D:3      | Found a glowing golden altar of the Shining One.
   555 | D:3      | Found a shadowy altar of Dithmenos.
   555 | D:3      | Found a snail-covered altar of Cheibriados.
   555 | D:3      | Found a deep blue altar of Sif Muna.
   555 | D:3      | Found an opulent altar of Gozag.
   560 | D:3      | Became a worshipper of Makhleb the Destroyer
   598 | D:3      | Reached XP level 3. HP: 16/21 MP: 3/3
   724 | D:3      | Reached skill level 5 in Maces & Flails
   724 | D:3      | Reached XP level 4. HP: 13/26 MP: 4/4
   784 | D:5      | Entered Level 5 of the Dungeon
   797 | D:5      | Noticed a centaur
   803 | D:5      | HP: 1/26 [centaur/arrow of frost (7)]
   803 | D:5      | Shot with an arrow of frost by a centaur

Action                   |  1- 3 |  4- 6 || total
-------------------------+-------+-------++-------
Melee: Flail             |    95 |    21 ||   116
Throw: Stone             |       |     1 ||     1
  Use: Potion            |       |     2 ||     2
       Scroll            |       |     1 ||     1
 Stab: Distracted        |     1 |       ||     1
